TOP OF THE 1ST |
Arkansas Travelers batting - Pitching for Frisco RoughRiders : RHP Tyler Jack
|
Pitching: RHP Tyler Jack
|
|
Batting: LHB Justin Alexander
|
0-0: SINGLE (Flyball, 78S, EV 91.9 MPH)
|
Batting: RHB Luis Romero
|
0-0: Ball Justin Alexander steals 2nd base (no throw) 1-0: Foul Ball, location: 2F 1-1: Ball 2-1: Swinging Strike 2-2: Foul Ball, location: 2F 2-2: Ball 3-2: Foul Ball, location: 2F 3-2: Base on Balls
|
Batting: LHB Jorge Zermeno
|
0-0: Swinging Strike 0-1: Called Strike 0-2: Ball 1-2: Strikes out looking
|
Batting: LHB Mario Anguiano
|
0-0: Foul Ball, location: 2F 0-1: Foul Ball, location: 2F 0-2: Ball 1-2: Foul Ball, location: 2F 1-2: Ball 2-2: Ball 3-2: Foul Ball, location: 2F 3-2: Strikes out swinging
|
Batting: RHB Khalil Thurston
|
0-0: Ground out 5-3 (Groundball, 56S, EV 85.6 MPH)
|
Top of the 1st over - 0 runs, 1 hit, 0 errors, 2 left on base; Arkansas 0 - Frisco 0 |
BOTTOM OF THE 1ST |
Frisco RoughRiders batting - Pitching for Arkansas Travelers : RHP Erick Vazquez
|
Pitching: RHP Erick Vazquez
|
|
Batting: RHB Kurt Wagner
|
0-0: Called Strike 0-1: Called Strike 0-2: Strikes out swinging
|
Batting: LHB Justin Barker
|
0-0: Ball 1-0: SINGLE (Groundball, 4MD, EV 95.6 MPH)
|
Batting: RHB Adryão Anto
|
0-0: Ball 1-0: Fielders Choice at 2nd, 1-4 (Groundball, P, EV 63.8 MPH)
|
Batting: SHB Johnny Stables
|
0-0: 2-RUN HOME RUN (Flyball, 9LD, EV 92.5 MPH), Distance : 337 ft
|
Batting: LHB Ben Radach
|
0-0: Foul Ball, location: 2F 0-1: Ball 1-1: Ball 2-1: Called Strike 2-2: SINGLE (Groundball, 4D, EV 94.4 MPH)
|
Batting: RHB Jason Swisher
|
0-0: Foul Ball, location: 2F 0-1: Ball 1-1: Ball 2-1: Swinging Strike 2-2: Foul Ball, location: 2F 2-2: Ball 3-2: SINGLE (Groundball, 6MD, EV 105.6 MPH) Ben Radach to second Ben Radach to third
|
Batting: SHB Reagan Dudley
|
0-0: Ball 1-0: Swinging Strike 1-1: Ball 2-1: Ball 3-1: Foul Ball, location: 2F 3-2: DOUBLE (Line Drive, 9LS, EV 97.5 MPH) Ben Radach scores Jason Swisher to third Jason Swisher scores
|
Batting: RHB Rick Concha
|
0-0: Ball 1-0: Ball 2-0: Called Strike 2-1: Hit by Pitch
|
Batting: LHB Franklin Quezada
|
0-0: Ball 1-0: Ball Wild Pitch! Reagan Dudley to third Rick Concha to second 2-0: Ball 3-0: Called Strike 3-1: Base on Balls
|
Batting: RHB Kurt Wagner
|
0-0: Ball 1-0: Foul Ball, location: 2F 1-1: Called Strike 1-2: Foul Ball, location: 2F 1-2: Strikes out swinging
|
Bottom of the 1st over - 4 runs, 5 hits, 0 errors, 3 left on base; Arkansas 0 - Frisco 4 |
TOP OF THE 2ND |
Arkansas Travelers batting - Pitching for Frisco RoughRiders : RHP Tyler Jack
|
Batting: RHB Ryan Pelletier
|
0-0: Fly out, F9 (Flyball, 89M, EV 83.1 MPH)
|
Batting: LHB Barrfhionn O'Toole
|
0-0: Ball 1-0: Foul Ball, location: 2F 1-1: Swinging Strike 1-2: Ground out 5-3 (Groundball, 56, EV 106.2 MPH)
|
Batting: LHB Spencer Palmer
|
0-0: Swinging Strike 0-1: Ball 1-1: Swinging Strike 1-2: Ball 2-2: Strikes out swinging
|
Top of the 2nd over - 0 runs, 0 hits, 0 errors, 0 left on base; Arkansas 0 - Frisco 4 |
BOTTOM OF THE 2ND |
Frisco RoughRiders batting - Pitching for Arkansas Travelers : RHP Erick Vazquez
|
Batting: LHB Justin Barker
|
0-0: Called Strike 0-1: Ball 1-1: Ball 2-1: Fly out, F7 (Flyball, 7D, EV 108.1 MPH)
|
Batting: RHB Adryão Anto
|
0-0: SINGLE (Groundball, 34D, EV 98.8 MPH)
|
Batting: SHB Johnny Stables
|
0-0: Foul Ball, location: 2F 0-1: Fly out, F8 (Flyball, 8RD, EV 101.2 MPH)
|
Batting: LHB Ben Radach
|
0-0: Foul Ball, location: 2F 0-1: Foul Ball, location: 2F 0-2: Ball 1-2: Ball Adryão Anto is caught stealing 2nd base 2-6
|
Bottom of the 2nd over - 0 runs, 1 hit, 0 errors, 0 left on base; Arkansas 0 - Frisco 4 |
TOP OF THE 3RD |
Arkansas Travelers batting - Pitching for Frisco RoughRiders : RHP Tyler Jack
|
Batting: RHB Danny Bjarnson
|
0-0: Ball 1-0: Ground out 4-3 (Groundball, 4, EV 103.1 MPH)
|
Batting: LHB Justin Alexander
|
0-0: Ball 1-0: Ground out U3 (Groundball, 34S, EV 83.1 MPH)
|
Batting: RHB Luis Romero
|
0-0: Ball 1-0: Foul Ball, location: 2F 1-1: Swinging Strike 1-2: Ball 2-2: Foul Ball, location: 2F 2-2: Fly out, F7 (Line Drive, 7D, EV 86.9 MPH)
|
Top of the 3rd over - 0 runs, 0 hits, 0 errors, 0 left on base; Arkansas 0 - Frisco 4 |
BOTTOM OF THE 3RD |
Frisco RoughRiders batting - Pitching for Arkansas Travelers : RHP Erick Vazquez
|
Batting: LHB Ben Radach
|
0-0: Foul Ball, location: 2F 0-1: Swinging Strike 0-2: SOLO HOME RUN (Flyball, 9LD, EV 90.0 MPH), Distance : 347 ft
|
Batting: RHB Jason Swisher
|
0-0: Ball 1-0: Ball 2-0: Ball 3-0: Called Strike 3-1: Foul Ball, location: 2F 3-2: Strikes out swinging
|
Batting: SHB Reagan Dudley
|
0-0: Ball 1-0: Ball 2-0: Ball 3-0: Called Strike 3-1: Base on Balls
|
Batting: RHB Rick Concha
|
0-0: Called Strike 0-1: Foul Ball, location: 2F 0-2: Strikes out swinging
|
Batting: LHB Franklin Quezada
|
0-0: Foul Ball, location: 2F 0-1: Swinging Strike 0-2: Ball 1-2: Ball 2-2: Fly out, F9 (Flyball, 9, EV 92.5 MPH)
|
Bottom of the 3rd over - 1 run, 1 hit, 0 errors, 1 left on base; Arkansas 0 - Frisco 5 |
TOP OF THE 4TH |
Arkansas Travelers batting - Pitching for Frisco RoughRiders : RHP Tyler Jack
|
Batting: LHB Jorge Zermeno
|
0-0: Called Strike 0-1: Fly out, F9 (Line Drive, 89M, EV 101.2 MPH)
|
Batting: LHB Mario Anguiano
|
0-0: Ball 1-0: Fly out, F7 (Flyball, 78D, EV 85.0 MPH)
|
Batting: RHB Khalil Thurston
|
0-0: Called Strike 0-1: Ball 1-1: Ball 2-1: Foul Ball, location: 2F 2-2: Foul Ball, location: 2F 2-2: Strikes out swinging
|
Top of the 4th over - 0 runs, 0 hits, 0 errors, 0 left on base; Arkansas 0 - Frisco 5 |
BOTTOM OF THE 4TH |
Frisco RoughRiders batting - Pitching for Arkansas Travelers : RHP Erick Vazquez
|
Pitching: RHP Cal Abbott
|
|
Batting: RHB Kurt Wagner
|
0-0: Called Strike 0-1: Ball 1-1: Called Strike 1-2: Strikes out looking
|
Batting: LHB Justin Barker
|
0-0: Foul Ball, location: 2F 0-1: Ground out 6-3 (Groundball, 6, EV 80.0 MPH)
|
Batting: RHB Adryão Anto
|
0-0: Foul Ball, location: 2F 0-1: Ball 1-1: Ground out U3 (Groundball, 3, EV 84.4 MPH)
|
Bottom of the 4th over - 0 runs, 0 hits, 0 errors, 0 left on base; Arkansas 0 - Frisco 5 |
TOP OF THE 5TH |
Arkansas Travelers batting - Pitching for Frisco RoughRiders : RHP Tyler Jack
|
Batting: RHB Ryan Pelletier
|
0-0: Ball 1-0: Ball 2-0: Called Strike 2-1: Swinging Strike 2-2: SINGLE (Groundball, 56, EV 111.2 MPH)
|
Batting: LHB Barrfhionn O'Toole
|
0-0: Called Strike 0-1: Swinging Strike 0-2: Foul Ball, location: 2F 0-2: Foul Ball, location: 2F 0-2: Ball 1-2: Foul Ball, location: 2F 1-2: Ball 2-2: Ball 3-2: Foul Ball, location: 2F 3-2: Foul Ball, location: 2F 3-2: Foul Ball, location: 2F 3-2: DOUBLE (Line Drive, 5D, EV 98.8 MPH) Ryan Pelletier to third
|
Batting: LHB Spencer Palmer
|
0-0: Called Strike 0-1: Ball 1-1: Ground out 6-3 (Groundball, 6, EV 78.1 MPH) Ryan Pelletier scores Barrfhionn O'Toole to third
|
Batting: RHB Danny Bjarnson
|
0-0: Ground out 5-3 (Groundball, 56, EV 91.9 MPH) Barrfhionn O'Toole scores
|
Batting: LHB Justin Alexander
|
0-0: Ball 1-0: Ball 2-0: Called Strike 2-1: Ball 3-1: Foul Ball, location: 2F 3-2: Foul Ball, location: 2F 3-2: Fly out, F8 (Flyball, 78D, EV 79.4 MPH)
|
Top of the 5th over - 2 runs, 2 hits, 0 errors, 0 left on base; Arkansas 2 - Frisco 5 |
BOTTOM OF THE 5TH |
Frisco RoughRiders batting - Pitching for Arkansas Travelers : RHP Cal Abbott
|
Batting: SHB Johnny Stables
|
0-0: Called Strike 0-1: Foul Ball, location: 2F 0-2: Ground out 4-3 (Groundball, 4, EV 82.5 MPH)
|
Batting: LHB Ben Radach
|
0-0: Ball 1-0: Ball 2-0: Ball 3-0: Called Strike 3-1: Called Strike 3-2: Fly out, F3 (Line Drive, 34, EV 71.2 MPH)
|
Batting: RHB Jason Swisher
|
0-0: Ball 1-0: Called Strike 1-1: Reached on error, E6 (Groundball, 6S, EV 72.5 MPH)
|
Batting: SHB Reagan Dudley
|
0-0: Ball 1-0: Called Strike 1-1: SINGLE (Line Drive, 8LS, EV 105.6 MPH) Jason Swisher to second
|
Batting: RHB Rick Concha
|
0-0: SINGLE (Groundball, 3D, EV 97.5 MPH) Jason Swisher to third Reagan Dudley to second Runner from 3rd tries for Home, SAFE, throw by RF to home
|
Batting: LHB Franklin Quezada
|
0-0: Swinging Strike 0-1: Foul Ball, location: 2F 0-2: Ball 1-2: Ball 2-2: Ground out 4-3 (Groundball, 4, EV 82.5 MPH)
|
Bottom of the 5th over - 1 run, 2 hits, 1 error, 2 left on base; Arkansas 2 - Frisco 6 |
TOP OF THE 6TH |
Arkansas Travelers batting - Pitching for Frisco RoughRiders : RHP Tyler Jack
|
Batting: RHB Luis Romero
|
0-0: Foul Ball, location: 2F 0-1: Foul Ball, location: 2F 0-2: Fly out, F7 (Flyball, 7LM, EV 94.4 MPH)
|
Batting: LHB Jorge Zermeno
|
0-0: Ball 1-0: Foul Ball, location: 2F 1-1: Ball 2-1: SOLO HOME RUN (Flyball, 9D, EV 98.1 MPH), Distance : 373 ft
|
Batting: LHB Mario Anguiano
|
0-0: Ground out 6-3 (Groundball, 6, EV 110.0 MPH)
|
Pitching: RHP Marc Duncan
|
|
Batting: RHB Khalil Thurston
|
0-0: Swinging Strike 0-1: Ball 1-1: Foul Ball, location: 2F 1-2: Strikes out looking
|
Top of the 6th over - 1 run, 1 hit, 0 errors, 0 left on base; Arkansas 3 - Frisco 6 |
BOTTOM OF THE 6TH |
Frisco RoughRiders batting - Pitching for Arkansas Travelers : RHP Cal Abbott
|
Batting: RHB Kurt Wagner
|
0-0: Ball 1-0: Ground out 5-3 (Groundball, 56, EV 85.0 MPH)
|
Batting: LHB Justin Barker
|
0-0: Called Strike 0-1: SINGLE (Flyball, 8LS, EV 93.8 MPH)
|
Pitching: RHP Owen Prouty
|
|
Batting: RHB Adryão Anto
|
0-0: Called Strike 0-1: Ball 1-1: Called Strike 1-2: Ball 2-2: Foul Ball, location: 2F 2-2: Fly out, F8 (Flyball, 8RXD, EV 98.8 MPH)
|
Batting: SHB Johnny Stables
|
0-0: Ball 1-0: Ball 2-0: Ball 3-0: Called Strike 3-1: Foul Ball, location: 2F 3-2: Foul Ball, location: 2F 3-2: Foul Ball, location: 2F 3-2: Foul Ball, location: 2F 3-2: 2-RUN HOME RUN (Line Drive, 9D, EV 103.1 MPH), Distance : 389 ft
|
Batting: LHB Ben Radach
|
0-0: Ball 1-0: Called Strike 1-1: Called Strike 1-2: Ball 2-2: Foul Ball, location: 2F 2-2: SINGLE (Groundball, 4MD, EV 105.6 MPH)
|
Batting: RHB Jason Swisher
|
0-0: Ground out 4-3 (Groundball, 4, EV 99.4 MPH)
|
Bottom of the 6th over - 2 runs, 3 hits, 0 errors, 1 left on base; Arkansas 3 - Frisco 8 |
TOP OF THE 7TH |
Arkansas Travelers batting - Pitching for Frisco RoughRiders : RHP Marc Duncan
|
Batting: RHB Ryan Pelletier
|
0-0: Ground out 6-3 (Groundball, 6, EV 106.9 MPH)
|
Batting: LHB Barrfhionn O'Toole
|
0-0: Called Strike 0-1: Swinging Strike 0-2: Foul Ball, location: 2F 0-2: Strikes out swinging
|
Batting: LHB Spencer Palmer
|
0-0: Ball 1-0: Called Strike 1-1: Swinging Strike 1-2: Ball 2-2: Fly out, F5 (Popup, 25F, EV 86.9 MPH)
|
Top of the 7th over - 0 runs, 0 hits, 0 errors, 0 left on base; Arkansas 3 - Frisco 8 |
BOTTOM OF THE 7TH |
Frisco RoughRiders batting - Pitching for Arkansas Travelers : RHP Owen Prouty
|
Batting: SHB Reagan Dudley
|
0-0: Ball 1-0: Ball 2-0: Foul Ball, location: 2F 2-1: Foul Ball, location: 2F 2-2: Foul Ball, location: 2F 2-2: Ball 3-2: Fly out, F8 (Flyball, 8LD, EV 105.6 MPH)
|
Batting: RHB Rick Concha
|
0-0: Ground out 4-3 (Groundball, 4, EV 106.9 MPH)
|
Batting: LHB Franklin Quezada
|
0-0: Called Strike 0-1: Ball 1-1: Called Strike 1-2: Strikes out swinging
|
Bottom of the 7th over - 0 runs, 0 hits, 0 errors, 0 left on base; Arkansas 3 - Frisco 8 |
TOP OF THE 8TH |
Arkansas Travelers batting - Pitching for Frisco RoughRiders : RHP Marc Duncan
|
Batting: RHB Danny Bjarnson
|
0-0: Called Strike 0-1: SINGLE (Line Drive, 8RS, EV 94.4 MPH)
|
Batting: LHB Justin Alexander
|
0-0: Foul Ball, location: 2F 0-1: Swinging Strike 0-2: Fielders Choice at 2nd, 4-6 (Groundball, 34, EV 96.9 MPH)
|
Batting: RHB Luis Romero
|
0-0: Ball 1-0: Foul Ball, location: 2F 1-1: Ball 2-1: SINGLE (Groundball, 4MD, EV 100.0 MPH) Justin Alexander to second
|
Batting: LHB Jorge Zermeno
|
0-0: Ball 1-0: DOUBLE (Flyball, 5D, EV 102.5 MPH) Justin Alexander scores Luis Romero to third Runner from 3rd tries for Home, SAFE, throw by LF to home
|
Batting: LHB Mario Anguiano
|
0-0: Foul Ball, location: 2F 0-1: Called Strike 0-2: Foul Ball, location: 2F 0-2: Ground out U3 (Groundball, 3L, EV 87.5 MPH) Jorge Zermeno to third
|
Pitching: RHP Willie Felix
|
|
Batting: RHB Khalil Thurston
|
0-0: Ball 1-0: Foul Ball, location: 2F 1-1: Called Strike 1-2: Strikes out looking
|
Top of the 8th over - 2 runs, 3 hits, 0 errors, 1 left on base; Arkansas 5 - Frisco 8 |
BOTTOM OF THE 8TH |
Frisco RoughRiders batting - Pitching for Arkansas Travelers : RHP Owen Prouty
|
Pitching: RHP Jason Smallwood
|
|
Batting: RHB Kurt Wagner
|
0-0: Foul Ball, location: 2F 0-1: Ball 1-1: Ball 2-1: Fly out, F7 (Line Drive, 7, EV 88.1 MPH)
|
Batting: LHB Justin Barker
|
0-0: Ball 1-0: Called Strike 1-1: SINGLE (Groundball, 4MD, EV 98.1 MPH)
|
Batting: RHB Adryão Anto
|
0-0: Ball 1-0: Swinging Strike 1-1: Foul Ball, location: 2F 1-2: Ball 2-2: Foul Ball, location: 2F 2-2: Fly out, F9 (Flyball, 9LS, EV 72.5 MPH)
|
Batting: SHB Johnny Stables
|
0-0: Ball 1-0: Ball 2-0: Ball 3-0: Called Strike 3-1: Base on Balls Justin Barker to second
|
Batting: LHB Ben Radach
|
0-0: Called Strike 0-1: Ball 1-1: Ball 2-1: Called Strike 2-2: Fly out, F7 (Flyball, 7D, EV 99.4 MPH)
|
Bottom of the 8th over - 0 runs, 1 hit, 0 errors, 2 left on base; Arkansas 5 - Frisco 8 |
TOP OF THE 9TH |
Arkansas Travelers batting - Pitching for Frisco RoughRiders : RHP Willie Felix
|
Pitching: LHP Josh Black
|
|
Now in LF: Brandon Davis
|
|
Batting: RHB Ryan Pelletier
|
0-0: Ball 1-0: Swinging Strike 1-1: Ball 2-1: Ground out 4-3 (Groundball, 4MD, EV 91.9 MPH)
|
Batting: LHB Barrfhionn O'Toole
|
0-0: Ball 1-0: Ground out 4-3 (Groundball, 4, EV 102.5 MPH)
|
Batting: LHB Spencer Palmer
|
0-0: Ground out 4-3 (Groundball, 13, EV 89.4 MPH)
|
Top of the 9th over - 0 runs, 0 hits, 0 errors, 0 left on base; Arkansas 5 - Frisco 8 |
|